 Dungeon Crawl Stone Soup version 0.14-a0-181-gf6fe0c6 (webtiles) character file.

472 Leibowitz the Ducker (level 6, -5/37 HPs)
             Began as a Kobold Gladiator on Oct 6, 2013.
             Slain by Malachi's ghost (9 damage)
             ... on Level 4 of the Dungeon.
             The game lasted 00:15:59 (3656 turns).

Leibowitz the Ducker (Kobold Gladiator)             Turns: 3656, Time: 00:15:59

HP  -5/37        AC  3     Str 15      XL: 6   Next: 72%
MP   5/5         EV 19     Int  6      God:
Gold 157         SH  0     Dex 17      Spells:  0 memorised,  5 levels left

Res.Fire  : . . .   See Invis. : .   a - +0 short sword
Res.Cold  : . . .   Warding    : .   l - +0 robe (curse)
Life Prot.: . . .   Conserve   : .   (no shield)
Res.Poison: .       Res.Corr.  : .   u - +0 dwarf helmet
Res.Elec. : .       Clarity    : .   (no cloak)
Sust.Abil.: . .     Spirit.Shd : .   (no gloves)
Res.Mut.  : .       Stasis     : .   (no boots)
Res.Rott. : .       Flight     : .   (no amulet)
Saprovore : + + .                    (no ring)
                                     g - ring of flight

@: slightly resistant to hostile enchantments, stealthy
A: disease resistance, carnivore 3, saprovore 2
a: Evoke Flight


You were on level 4 of the Dungeon.
You were very full.

You visited 1 branch of the dungeon, and saw 4 of its levels.

You collected 137 gold pieces.

Inventory:

Hand weapons
 a - a +0,+0 short sword (weapon)
 b - a +0 blowgun
Missiles
 d - 3 tomahawks (quivered)
 m - 5 curare-tipped needles
 t - 18 poisoned needles
Armour
 l - a cursed +0 robe (worn)
 u - a +0 dwarven helmet (worn)
Comestibles
 f - 3 meat rations
 o - 3 rotting chunks of orc flesh
Scrolls
 c - a scroll of enchant armour {unknown}
 e - a scroll of curse armour {unknown}
 h - 2 scrolls of noise {unknown}
 i - 3 scrolls of identify {unknown}
 j - a scroll of blinking {unknown}
 k - 3 scrolls of remove curse {unknown}
 p - a scroll of amnesia {unknown}
 q - a scroll of magic mapping {unknown}
 v - a scroll of curse jewellery {unknown}
Jewellery
 g - a ring of flight (left hand)


   Skills:
 * Level 3.5 Fighting
 + Level 4.7 Short Blades
 + Level 4.0 Throwing
 + Level 6.1 Dodging
 * Level 3.2 Stealth


You had 5 spell levels left.
You didn't know any spells.

Dungeon Overview and Level Annotations

Branches:
Dungeon (4/27)
 Temple: D:4-7

Altars:
Vehumet

Annotations:
D:4 Malachi's ghost, average DgSk


Innate Abilities, Weirdness & Mutations

You recuperate from illness quickly.
You are small and have problems with some larger weapons.
You are carnivorous and can eat meat at any time.
You can eat rotten meat.


Message History

Malachi's ghost is lightly damaged.
Malachi's ghost hits you but does no damage.
You hit Malachi's ghost.
Malachi's ghost is lightly damaged.
Malachi's ghost completely misses you.
You barely miss Malachi's ghost.
Malachi's ghost is lightly damaged.
Malachi's ghost misses you.
You hit Malachi's ghost but do no damage.
Malachi's ghost is lightly damaged.
Malachi's ghost closely misses you.
You hit Malachi's ghost but do no damage.
Malachi's ghost is lightly damaged.
You hit Malachi's ghost but do no damage.
Malachi's ghost is lightly damaged.
Malachi's ghost closely misses you.
You hit Malachi's ghost but do no damage.
Malachi's ghost is lightly damaged.
Malachi's ghost hits you!
You die...

#.# ... #.#....'.#
. #.#....#.# #.
#.#....#.# #.
#.#....#.# #.
#.#....#.# #.
#.#....#.# #.
#.p((..#.# #.
#@###'##.# #.
#........########.
#.................
#............#####
#.......####.#....
#.......# #.#....
#.####..# #.#....
#.# #..# #.#....
#># #..# #.#....


You could see Malachi's ghost.

Vanquished Creatures
  Blork the orc (D:4)
  4 orc wizards
  4 gnolls (D:3)
  2 worms (D:2)
  2 giant mites
  2 oozes (D:2)
  6 orcs
  A bat zombie (D:3)
  2 giant cockroaches
  10 goblins
  6 hobgoblins
  4 jackals
  13 kobolds
  2 ball pythons
  11 bats
  2 giant geckos
  3 giant newts
  7 rats
82 creatures vanquished.

Notes
Turn   | Place    | Note
--------------------------------------------------------------
     0 | D:1      | Leibowitz, the Kobold Gladiator, began the quest for the Orb.
     0 | D:1      | Reached XP level 1. HP: 13/13 MP: 0/0
   168 | D:1      | Reached XP level 2. HP: 18/18 MP: 1/1
   491 | D:1      | Reached XP level 3. HP: 12/22 MP: 2/2
   813 | D:2      | Reached skill level 1 in Stealth
  1151 | D:2      | Reached XP level 4. HP: 19/28 MP: 3/3
  1321 | D:2      | Reached skill level 5 in Dodging
  1633 | D:2      | Found a radiant altar of Vehumet.
  2262 | D:3      | Reached XP level 5. HP: 27/32 MP: 4/4
  2847 | D:3      | HP: 1/32 [orc/orcish hand axe (2)]
  3091 | D:3      | Reached XP level 6. HP: 28/37 MP: 5/5
  3224 | D:4      | Noticed Blork the orc
  3241 | D:4      | Killed Blork the orc
  3241 | D:4      | Reached skill level 6 in Dodging
  3631 | D:4      | Noticed Malachi's ghost (average DgSk)
  3656 | D:4      | Slain by Malachi's ghost

Action                   |  1- 3 |  4- 6 || total
-------------------------+-------+-------++-------
Melee: Short sword       |   104 |   256 ||   360
 Fire: Blowgun           |       |    23 ||    23
Throw: Tomahawk          |     9 |    14 ||    23
  Use: Potion            |     2 |     2 ||     4
 Stab: Sleeping          |       |     3 ||     3
